 Dungeon Crawl Stone Soup version 0.28-a0-697-g47f3eba078 (webtiles) character file.

Game seed: 15087516340962338724

2552 ytrimaz the Basher (level 9, -11/68 HPs)
             Began as a Formicid Fighter on Oct 23, 2021.
             Was a Priest of Okawaru.
             Mangled by a vault guard (13 damage)
             ... on level 10 of the Dungeon.
             The game lasted 00:12:47 (8143 turns).

ytrimaz the Basher (Formicid Fighter)               Turns: 8143, Time: 00:12:48

Health: -11/68     AC: 23    Str: 25    XL:     9   Next: 86%
Magic:  12/12      EV:  8    Int:  7    God:    Okawaru [***...]
Gold:   351        SH:  5    Dex:  8    Spells: 8/8 levels left

rFire   + . .      SeeInvis +   b - +2 flail (holy)
rCold   . . .      Faith    .   c - +1 buckler
rNeg    + . .      Spirit   .   v - +8 chain mail "Quzxy" {+Blink rN+ Dex-2}
rPois   .          Reflect  .   (helmet unavailable)
rElec   .          Harm     .   k - +0 cloak
rCorr   .          Rampage  .   f - +0 pair of gloves
Will    .....                   l - +0 pair of boots
Stlth   ..........              (no amulet)
HPRegen 0.21/turn               e - ring of protection from fire
MPRegen 0.13/turn               (no ring)

@: studying Shields
A: permanent stasis, dig shafts and tunnels, antennae 3, four strong arms,
hooves 1, iridescent scales 1, MP-powered wands
a: Dig, Shaft Self, Renounce Religion, Heroism


You were on level 10 of the Dungeon.
You worshipped Okawaru.
Okawaru was most pleased with you.
You visited 2 branches of the dungeon, and saw 11 of its levels.

You collected 351 gold pieces.

Inventory:

Hand Weapons
 a - a +1 war axe
 b - a +2 flail of holy wrath (weapon)
 w - a +4 flail of freezing
 y - a +4 morningstar
Armour
 c - a +1 buckler (worn)
 f - a +0 pair of gloves (worn)
 g - a +0 plate armour
 k - a +0 cloak (worn)
 l - a +0 pair of boots (worn)
 u - a +2 ring mail of poison resistance
 v - the +8 chain mail "Quzxy" (worn) {+Blink rN+ Dex-2}
   (You found it on level 7 of the Dungeon)

   Dex:       It affects your dexterity (-2).
   rN:        It protects you from negative energy.
   +Blink:    It lets you blink.
Jewellery
 e - a ring of protection from fire (left hand)
Wands
 m - a wand of mindburst (10) (quivered)
 n - a wand of polymorph (10)
 o - a wand of digging (6)
 s - a wand of flame (7)
 A - a wand of iceblast (3)
Scrolls
 d - 2 scrolls of enchant armour
 q - a scroll of fear
 x - a scroll of identify
 z - a scroll of magic mapping {unknown}
Potions
 h - a potion of lignification
 i - 4 potions of flight
 j - a potion of curing
 p - a potion of haste
 r - a potion of brilliance
 t - a potion of heal wounds {unknown}


   Skills:
 + Level 5.5 Fighting
 - Level 4.4(7.4) Axes
 * Level 9.3(9.8) Maces & Flails
 + Level 5.8 Armour
 - Level 3.6 Shields
 * Level 5.0 Invocations


You had 8 spell levels left.
You didn't know any spells.
Your spell library contained the following spells:

 Spells                   Type           Power      Damage    Failure   Level
 Dazzling Flash           Conj/Hex       0%         N/A       100%        3
 Gell's Gravitas          Tloc           0%         N/A       100%        3
 Teleport Other           Tloc           0%         N/A       100%        3
 Iskenderun's Mystic Bla  Conj/Tloc      0%         2d3       100%        4
 Dispersal                Tloc           0%         N/A       100%        6
 Starburst                Conj/Fire      0%         6d3       100%        6


Dungeon Overview and Level Annotations

Branches:
Dungeon (11/15)            Temple (1/1) D:4
   Lair: D:8-11         Orc: D:9-12

Altars:
Ashenzari
Cheibriados
Dithmenos
Elyvilon
Fedhas
Gozag
Hepliaklqana
Kikubaaqudgha
Makhleb
Nemelex Xobeh
Okawaru
Qazlal
Ru
Trog
Uskayaw
Vehumet
Wu Jian
Xom
Yredelemnul
Zin
The Shining One

Shops:
D:10 :

Annotations:
D:10 Joseph


Innate Abilities, Weirdness & Mutations

You cannot be hasted, slowed, berserked, paralysed or teleported.
You can dig through walls and to a lower floor.
You have a pair of large antennae on your head. (SInv)
Your four strong arms can wield two-handed weapons with a shield.
You have large cloven feet.
You are partially covered in iridescent scales. (AC +2)
You expend magic power (3 MP) to strengthen your wands.


Message History

The vampire draws life force from you!
The vampire is healed by the life force!
Your chain mail "Quzxy" prevents you from hitting the vampire.
The vampire is severely damaged.
You block the vampire's attack.
The vampire bites you but does no damage.
You closely miss the vampire.
The vampire is severely damaged.
The vault guard hits you from afar with a +0 bardiche!
You barely miss the vampire.
The vampire is severely damaged.
The vampire draws life force from you.
The vault guard hits you from afar with a +0 bardiche!
You hit the vampire.
The vampire convulses.
The vampire is severely damaged.
The vampire hits you but does no damage.
The vampire bites you but does no damage.
The vault guard hits you but does no damage.
Unknown command.
The vampire completely misses you. The vampire bites you.
The vampire draws strength from your injuries!
The orc wizard gestures wildly while chanting.
The orc wizard flickers and vanishes for a moment.
Joseph shouts!
The orc wizard gestures at you while chanting.
The magic dart hits the vampire.
Found a stone staircase leading down.
Joseph shoots a sling bullet.
The sling bullet hits you.
Joseph shoots a sling bullet.
The sling bullet hits you.
* * * LOW HITPOINT WARNING * * *
The vault guard hits you from afar with a +0 bardiche!
* * * LOW HITPOINT WARNING * * *
The vampire hits you.
* * * LOW HITPOINT WARNING * * *
The vampire barely misses you.
It was a potion of haste.
Your stasis prevents you from being hasted.
Joseph shoots a sling bullet.
The sling bullet barely misses you.
The vault guard hits you from afar with a +0 bardiche!
You die...

#c.........###.#..>....#
...........##.......... ..#
c..........#.........# ...
#...................# ..#
##...................# #
###...@........>.......# ..##
#......................# ...
.......<........@.....# #### ##
..$#.............V....####§§≈# ..
#...p........op.....#.§.§.+ ..
##o..##........o......#≈.≈#
#.###..####@##..##o......########
#...o.......#...##...............
#..o##.#.##.#...##...............
#........##......................
..............#..................


You could see a vault guard, Joseph, a vampire (invisible), an orc wizard
(invisible) and 2 orcs.

Vanquished Creatures
  A troll (D:7)
  A water moccasin (D:5)
  3 ice beasts
  2 orc warriors (D:7)
  2 sky beasts
  A necrophage (D:7)
  2 ogres
  A centaur (D:7)
  2 bullfrogs (D:7)
  A scorpion (D:6)
  4 wights (D:7)
  A howler monkey (D:6)
  A centaur zombie (D:5)
  2 bullfrog zombies (D:5)
  A jelly (D:6)
  A bullfrog skeleton (D:5)
  5 orc priests
  A centaur skeleton (D:6)
  5 hounds
  3 orc wizards
  2 iguanas
  A hound zombie (D:5)
  A hound skeleton (D:4)
  5 adders
  3 gnolls (D:6)
  A howler monkey skeleton (D:7)
  2 shadow imps
  A white imp (D:5)
  2 ufetubi
  A worm (D:2)
  An adder zombie (D:5)
  3 dart slugs
  22 orcs
  7 bats
  2 endoplasms
  A giant cockroach (D:3)
  5 hobgoblins
  2 jackals (D:2)
  6 kobolds
  4 quokkas
  5 ball pythons
  3 frilled lizards
  7 goblins
  6 rats
133 creatures vanquished.

Notes
Turn   | Place    | Note
-------+----------+-------------------------------------------
     0 | D:1      | ytrimaz the Formicid Fighter began the quest for the Orb.
     0 | D:1      | Reached XP level 1. HP: 18/18 MP: 1/1
   264 | D:1      | Reached XP level 2. HP: 18/24 MP: 2/2
   841 | D:2      | Found an ornate altar of the Wu Jian Council.
   868 | D:2      | Found a faded altar of an unknown god.
   914 | D:2      | Reached XP level 3. HP: 3/29 MP: 3/3
  1716 | D:2      | Reached XP level 4. HP: 37/37 MP: 4/4
  2098 | D:3      | Found an iron altar of Okawaru.
  2106 | D:3      | Became a worshipper of Warmaster Okawaru
  2208 | D:3      | Reached XP level 5. HP: 20/42 MP: 5/5
  2862 | D:4      | Reached skill level 1 in Maces & Flails
  2993 | D:4      | Found a white marble altar of Elyvilon.
  3277 | D:4      | Reached XP level 6. HP: 45/48 MP: 6/6
  3327 | D:4      | Found a staircase to the Ecumenical Temple.
  3354 | Temple   | Entered the Ecumenical Temple
  3481 | D:4      | Reached skill level 1 in Invocations
  3599 | D:5      | Entered Level 5 of the Dungeon
  3939 | D:4      | Reached skill level 2 in Maces & Flails
  4078 | D:4      | Gained mutation: You have hidden genetic defects. [potion
                  | of mutation]
  4078 | D:4      | Gained mutation: You expend magic power (3 MP) to
                  | strengthen your wands. [potion of mutation]
  4078 | D:4      | Gained mutation: You have large cloven feet. [potion of
                  | mutation]
  4458 | D:4      | Found a shimmering altar of Xom.
  4601 | D:5      | Noticed an ogre
  4852 | D:5      | Gained mutation: You are frail. (-10% HP) [hidden defects]
  5011 | D:5      | Noticed a sky beast
  5031 | D:5      | Killed a sky beast
  5032 | D:5      | Reached skill level 3 in Maces & Flails
  5032 | D:5      | Reached XP level 7. HP: 48/48 MP: 8/8
  5053 | D:5      | Gained mutation: Armour fits poorly on your strangely
                  | shaped body. [hidden defects]
  5053 | D:5      | Lost mutation: You have hidden genetic defects. [hidden
                  | defects expressed]
  5087 | D:5      | Reached * piety under Okawaru
  5148 | D:5      | Reached skill level 4 in Maces & Flails
  5275 | D:5      | Noticed a water moccasin
  5282 | D:5      | Killed a water moccasin
  5282 | D:5      | Reached ** piety under Okawaru
  5283 | D:5      | Reached skill level 5 in Maces & Flails
  5283 | D:5      | Reached XP level 8. HP: 41/54 MP: 6/10
  5729 | D:6      | Reached skill level 5 in Armour
  5896 | D:6      | Reached skill level 6 in Maces & Flails
  6270 | D:6      | Lost mutation: You are frail. (-10% HP) [potion of
                  | mutation]
  6270 | D:6      | Lost mutation: Armour fits poorly on your strangely shaped
                  | body. [potion of mutation]
  6270 | D:6      | Gained mutation: You are partially covered in iridescent
                  | scales. (AC +2) [potion of mutation]
  6780 | D:6      | Found a stormy altar of Qazlal.
  6936 | D:6      | Reached skill level 7 in Maces & Flails
  7051 | D:7      | Reached XP level 9. HP: 64/67 MP: 10/12
  7117 | D:7      | Reached skill level 5 in Fighting
  7190 | D:7      | Found a broken altar of Ashenzari.
  7203 | D:7      | Reached skill level 8 in Maces & Flails
  7534 | D:7      | Identified the +8 chain mail "Quzxy" {+Blink rN+ Dex-2}
  7591 | D:7      | Noticed a troll
  7619 | D:7      | Killed a troll
  7764 | D:7      | Reached *** piety under Okawaru
  7765 | D:7      | Reached skill level 9 in Maces & Flails
  7927 | D:7      | Reached skill level 5 in Invocations
  7943 | D:7      | You fall into a shaft and drop 3 floors!
  7943 | D:10     | Entered Level 10 of the Dungeon
  7948 | D:10     | Found Huontoacw's Book Shoppe.
  8035 | D:10     | Noticed a vault guard
  8062 | D:10     | Noticed Joseph
  8101 | D:9      | You fall into a shaft and drop 2 floors!
  8142 | D:10     | HP: 2/68 [vampire (5)]
  8143 | D:10     | Mangled by a vault guard

Illustrated notes

Levels and vault maps discovered:
D:1:      mrwooster_arrival_arrow, layout_basic, serial_corexii_hall,
          corexii_hall_statues_l, corexii_hall_statues_s
D:2:      layout_loops_ring, basic_altar, basic_ecumenical_altar
D:3:      layout_loops_ring, kennysheep_okawaru_gauntlet
D:4:      layout_basic, mainiacjoe_overflow_alcove_4, elyvilon_altar_4,
          minmay_temple_entry_stoned_glass
D:5:      layout_loops_ring, grunt_decor_arrowhead
D:6:      layout_loops_ring, nicolae_overflow_hidden_temple
D:7:      layout_loops_ring, mainiacjoe_overflow_small_starburst,
          kennysheep_doodads, corexii_leaking_fountain, minmay_manual_macuahuitl
D:9:      layout_basic, kennysheep_generic_room_3
D:10:     minmay_inner_zag, layout_cave_pools, enter_trove_5, serial_shops,
          nicolae_shop_waterfront, shop, uniq_joseph, uniq_grum
D:11:     layout_roguey [special_room_orc], dpeg_lair_monsters, david_orc_4
Temple:   kb_temple_of_zot

Skill      XL: |  1  2  3  4  5  6  7  8  9 |
---------------+----------------------------+-----
Axes           | 3 4 |  4.4
Armour         | 4 5 |  5.8
Fighting       | 4 5 |  5.5
Maces & Flails | 1 3 5 7 9 |  9.3
Invocations    | 2 3 4 5 |  5.0
Shields        | |  3.6

Action                   |  1- 3 |  4- 6 |  7- 9 || total
-------------------------+-------+-------+-------++-------
Melee: War axe           |    83 |    69 |       ||   152
       Flail             |       |   101 |   243 ||   344
Invok: Heroism           |       |       |     6 ||     6
 Abil: Dig               |     1 |       |     2 ||     3
Evoke: Wand              |       |     3 |     3 ||     6
  Use: Scroll            |     2 |     4 |     4 ||    10
       Potion            |       |     6 |     2 ||     8
Armor: Scale mail        |    40 |       |       ||    40
       Plate armour      |     5 |   129 |   110 ||   244
       Skin              |       |    20 |       ||    20
       Chain mail        |       |       |    52 ||    52
Dodge: Dodged            |    44 |    60 |    70 ||   174
Block: Buckler           |    17 |    60 |    59 ||   136

Table legend: (Time is in decaauts)
 A = Elapsed time spent in this place.
 B = Non-inter-level travel time spent in this place.
 C = Inter-level travel time spent in this place.
 D = Time resting spent in this place.
 E = Time spent auto-exploring this place.
 F = Levels seen in this place.
 G = Mean time per level.
                   A        B        C        D        E       F      G
               +--------+--------+--------+--------+--------+-----+--------+
         Total |   8203 |   7972 |    231 |   1525 |   4774 |  11 |  745.7 |
       Dungeon |   8096 |   7865 |    231 |   1525 |   4696 |  10 |  809.6 |
        Temple |    106 |    106 |      0 |      0 |     78 |   1 |  106.0 |
               +--------+--------+--------+--------+--------+-----+--------+

Top non-repeatable levels by time:
     D:4: 1417 daAuts
     D:5: 1388 daAuts
     D:6: 1303 daAuts
     D:2: 1227 daAuts
     D:7: 897 daAuts
     D:3: 850 daAuts
     D:1: 813 daAuts
    D:10: 163 daAuts
  Temple: 106 daAuts
     D:9: 32 daAuts
    D:11: 2 daAuts
